 Dungeon Crawl Stone Soup version 0.17-a0-1731-g129c023 (webtiles) character file.

144 kosy22 the Ducker (level 5, -1/52 HPs)
             Began as a Troll Fighter on Aug 29, 2015.
             Killed from afar by an orc wizard (6 damage)
             ... with a magic dart
             ... on level 3 of the Dungeon.
             The game lasted 00:12:39 (3242 turns).

kosy22 the Ducker (Troll Fighter)                   Turns: 3242, Time: 00:12:40

Health: -1/52      AC:  5    Str: 25    XL:     5   Next: 5%
Magic:  4/4        EV:  8    Int:  4    God:
Gold:   170        SH: 10    Dex:  9    Spells: 0 memorised, 4 levels left

rFire  . . .     SeeInvis .     k - +2 flail
rCold  . . .     Clarity  .     b - +0 robe
rNeg   . . .     SustAt   .     c - +1 shield
rPois  .         Gourm    +     (helmet restricted)
rElec  .         Spirit   .     (no cloak)
rCorr  .         Warding  .     (gloves unavailable)
rMut   .         Stasis   .     (boots unavailable)
MR     .....                    (no amulet)
Stlth  +.........               (no ring)
                                o - ring of wizardry

@: about to teleport, not resistant to hostile enchantments, very unstealthy
A: unfitting armour, claws 3, fast metabolism 3, gourmand, regeneration 2,
shaggy fur 1, tough skin 2
a: no special abilities


You were on level 3 of the Dungeon.
You were not hungry.

You visited 1 branch of the dungeon, and saw 3 of its levels.

You collected 170 gold pieces.

Inventory:

Hand weapons
 a - a +0 rapier
 k - a +2 flail (weapon)
 n - a +0 whip
 q - a +0 mace
Armour
 b - a +0 robe (worn)
 c - a +1 shield (worn)
Jewellery
 o - a ring of wizardry (left claw)
Magical devices
 j - a wand of polymorph (17)
 m - a wand of enslavement (9)
Scrolls
 d - 6 scrolls of remove curse
Potions
 f - a potion of curing
Comestibles
 e - 2 bread rations
 i - 4 fruits
 l - a slice of pizza


   Skills:
 + Level 2.9 Fighting
 + Level 1.7 Short Blades
 + Level 0.1 Maces & Flails
 + Level 3.6 Dodging
 + Level 0.2 Stealth
 + Level 3.2 Shields


You had 4 spell levels left.
You didn't know any spells.

Dungeon Overview and Level Annotations

Branches:
Dungeon (3/15)

Altars:
Dithmenos
Kikubaaqudgha
Yredelemnul
The Shining One


Innate Abilities, Weirdness & Mutations

You are too large for most types of armour.
You have claws for hands.
Your metabolism is lightning-fast.
You like to eat raw meat.
You heal very quickly.
You are covered in fur (AC +1).
You have very tough skin (AC +2).


Message History

You sock the orc!
You kill the orc!
A magic dart appears from out of thin air!
The magic dart hits you!
* * * LOW HITPOINT WARNING * * *
A magic dart appears from out of thin air!
The magic dart hits you!
* * * LOW HITPOINT WARNING * * *
All of the chunks of flesh in your inventory have rotted away.
You start resting.
An orc wizard appears from thin air!
Reactivating autopickup.
Eat which item? (? for menu, Esc to quit)
Okay, then.
Read which item? (? for menu, Esc to quit)
As you read the scroll of teleportation, it crumbles to dust.
You feel strangely unstable. The orc wizard casts a spell at you.
The magic dart hits you!
You die...

..##.....##.# #.........
#. #####...###.#
##........ #ยง
....##.##...# #>#......
##
###....#..######)##...#.
##.###.........###.##
#.................#
#.###.#####.#.##### #.#
#.# #.#.# #.# #.# #.#@#
#.# #.#####.#o#
####.###.......#.#
........########.#
####.##.# #)# #.##.# #.#
#.##.# #.#
####.##.########.###.##
.....##.........).!.....


You could see an orc wizard.

Vanquished Creatures
  4 adders
  A worm (D:2)
  7 giant geckos
  9 orcs (D:3)
  9 bats
  9 goblins
  14 hobgoblins
  5 jackals (D:1)
  4 kobolds
  A quokka (D:3)
  A ball python (D:1)
  2 giant cockroaches (D:1)
  6 giant newts
  10 rats
82 creatures vanquished.

Notes
Turn   | Place    | Note
--------------------------------------------------------------
     0 | D:1      | kosy22 the Troll Fighter began the quest for the Orb.
     0 | D:1      | Reached XP level 1. HP: 22/22 MP: 0/0
    72 | D:1      | Reached XP level 2. HP: 26/29 MP: 1/1
   691 | D:1      | Reached XP level 3. HP: 36/36 MP: 2/2
  1106 | D:1      | Reached skill level 3 in Shields
  1548 | D:2      | Reached XP level 4. HP: 37/44 MP: 3/3
  1852 | D:2      | Found a glowing golden altar of the Shining One.
  1988 | D:2      | Found a shadowy altar of Dithmenos.
  2959 | D:3      | Found an ancient bone altar of Kikubaaqudgha.
  3021 | D:3      | Reached XP level 5. HP: 24/52 MP: 4/4
  3163 | D:3      | Found a basalt altar of Yredelemnul.
  3236 | D:3      | HP: 2/52 [something/magic dart (4)]
  3242 | D:3      | Killed from afar by an orc wizard

Vault maps used:
D:1:      nicolae_arrival_somewhat_less_tricky_arrival, minmay_close_crescents
D:2:      overflow_temple_1_default, first_bread, nicolae_tso_carved_into_rock
D:3:      lemuel_round_altar, lemuel_coloured_pillars_altar

Action                   |  1- 3 |  4- 6 || total
-------------------------+-------+-------++-------
Melee: Rapier            |   171 |    88 ||   259
       Flail             |       |    64 ||    64
  Use: Potion            |     1 |     2 ||     3
       Scroll            |     1 |    12 ||    13
 Stab: Sleeping          |     1 |     1 ||     2
       Confused          |       |     1 ||     1
  Eat: Chunk             |    10 |     7 ||    17
       Bread ration      |     1 |     2 ||     3
